 Dungeon Crawl Stone Soup version 0.26-a0-61-g6c07f0ee8d (webtiles) character file.

Game seed: 1904659732522589860

258 Nixze the Cudgeler (level 5, -1/41 HPs)
             Began as a Demonspawn Gladiator on June 9, 2020.
             Killed by nerve-wracking pain
             ... invoked by Grinder
              (12 damage)
             ... on level 4 of the Dungeon.
             The game lasted 00:08:38 (3332 turns).

Nixze the Cudgeler (Demonspawn Gladiator)           Turns: 3332, Time: 00:08:38

Health: -1/41      AC:  6    Str: 15    XL:     5   Next: 94%
Magic:  0/5        EV: 12    Int:  9    God:
Gold:   278        SH:  0    Dex: 15    Spells: 4/4 levels left

rFire    . . .     SeeInvis .   a - +1 flail
rCold    . . .     Gourm    .   (no shield)
rNeg     . . .     Faith    .   n - +0 ring mail
rPois    +         Spirit   +   c - +0 helmet
rElec    .         Reflect  .   (no cloak)
rCorr    .         Harm     .   (no gloves)
MR       .....                  (no boots)
Stlth    +.........             (no amulet)
HPRegen  0.13/turn              (no ring)
MPRegen  0.09/turn              r - ring of poison resistance

@: no status effects
A: talons 1, magic shield
a: no special abilities


You were on level 4 of the Dungeon.
You were not hungry.

You visited 1 branch of the dungeon, and saw 4 of its levels.

You collected 278 gold pieces.

Inventory:

Hand Weapons
 a - a +1 flail (weapon)
 b - a +0 hunting sling
Missiles
 d - 3 throwing nets (quivered)
 i - 26 sling bullets
 t - 2 poisoned darts
 v - 3 silver javelins
Armour
 c - a +0 helmet (worn)
 n - a +0 ring mail (worn)
Jewellery
 r - a ring of poison resistance (right hand)
 w - a cursed amulet of inaccuracy {unknown}
Scrolls
 e - 3 scrolls of identify {unknown}
 h - 2 scrolls of remove curse
 j - a scroll of magic mapping
 k - a scroll of teleportation {unknown}
 l - a scroll of blinking {unknown}
 o - a scroll of immolation {unknown}
 p - a scroll of enchant weapon
 u - a scroll of fog {unknown}
 x - a scroll of amnesia {unknown}
Potions
 m - 3 potions of curing
 q - a potion of magic {unknown}
 s - a potion of heal wounds {unknown}
Comestibles
 f - 7 rations
 g - 4 chunks of flesh


   Skills:
 + Level 3.2 Fighting
 * Level 4.3 Maces & Flails
 - Level 1.7 Throwing
 + Level 2.1 Armour
 + Level 3.6 Dodging


You had 4 spell levels left.
You didn't know any spells.
Your spell library was empty.

Dungeon Overview and Level Annotations

Branches:
Dungeon (4/15)
 Temple: D:4-7

Altars:
Elyvilon
Fedhas
Wu Jian

Annotations:
D:4 Grinder


Innate Abilities, Weirdness & Mutations

You have sharp toenails.
When hurt, damage is shared between your health and your magic reserves.


Message History

Grinder hits you.
You writhe in agony.
* * * LOW HITPOINT WARNING * * *
Grinder gestures at you.
You barely resist. Grinder hits you.
* * * LOW HITPOINT WARNING * * *
You can move again.
Sorry, you're not good enough to have a special ability.
Unknown command.
Unknown command.
You aren't carrying any items that you can evoke.
Unknown command.
It was a potion of curing.
You feel better. Grinder gestures at you. You resist with significant effort.
You closely miss Grinder.
Grinder is severely wounded.
Grinder gestures at you. Pain shoots through your body!
You die...

#####.#.#.# ....
.##.#.#.# ....
###.##.#.#.####. ..(.<
................
#..(.##+#....#.#......
#...(........#.######.
#............#.#
#....(5......#.#
#@#.##+#.# #.#......#
#.#......# #.#......#
#.######.# #........#
##########


You could see Grinder.

Vanquished Creatures
  2 scorpions (D:4)
  2 worker ants (D:4)
  5 adders
  An ooze (D:2)
  An adder skeleton (D:4)
  3 worms
  A dart slug (D:1)
  5 orcs
  4 giant cockroaches
  6 goblins
  3 hobgoblins
  3 jackals (D:3)
  7 kobolds
  3 quokkas
  2 bats
  4 frilled lizards
  5 rats
  A fungus (D:1)
58 creatures vanquished.

Vanquished Creatures (others)
  3 toadstools (D:1)
3 creatures vanquished.

Grand Total: 61 creatures vanquished

Notes
Turn   | Place    | Note
-------+----------+-------------------------------------------
     0 | D:1      | Nixze the Demonspawn Gladiator began the quest for the Orb.
     0 | D:1      | Reached XP level 1. HP: 16/16 MP: 1/1
   409 | D:1      | Gained mutation: When hurt, damage is shared between your
                  | health and your magic reserves. [demonic ancestry]
   409 | D:1      | Reached XP level 2. HP: 22/22 MP: 2/2
   815 | D:2      | Reached skill level 3 in Maces & Flails
   883 | D:2      | Reached XP level 3. HP: 8/28 MP: 3/3
  1199 | D:2      | Found a blossoming altar of Fedhas.
  1224 | D:2      | Reached skill level 1 in Armour
  2183 | D:3      | Gained mutation: You have sharp toenails. [demonic
                  | ancestry]
  2183 | D:3      | Reached XP level 4. HP: 26/34 MP: 4/4
  2197 | D:3      | Found a white marble altar of Elyvilon.
  2781 | D:4      | Reached XP level 5. HP: 32/40 MP: 3/5
  2996 | D:4      | Reached skill level 4 in Maces & Flails
  3132 | D:4      | Found an ornate altar of the Wu Jian Council.
  3302 | D:4      | Noticed Grinder
  3303 | D:4      | Paralysed by Grinder for 2 turns
  3309 | D:4      | Paralysed by Grinder for 3 turns
  3317 | D:4      | Paralysed by Grinder for 3 turns
  3327 | D:4      | Paralysed by Grinder for 4 turns
  3332 | D:4      | Killed from afar by Grinder

Illustrated notes

Levels and vault maps discovered:
D:1:      psy_arrival_dodecagon, layout_rooms, minmay_gold_behind_fungi
D:2:      layout_basic, old_standard_altar, minmay_tromino_i4
D:3:      layout_rooms, marbit_many_paths, first_ration
D:4:      layout_basic, nicolae_overflow_hidden_temple, kennysheep_mini_moat,
          ebering_ghost_gozag, nicolae_elemental_shop, hex_large, uniq_grinder

Skill      XL: |  1  2  3  4  5 |
---------------+----------------+-----
Maces & Flails | 3 4 |  4.3
Dodging        | 3 |  3.6
Armour         | 1 2 |  2.1
Fighting       | 3 |  3.2
Throwing       | |  1.7

Action                   |  1- 3 |  4- 6 || total
-------------------------+-------+-------++-------
Melee: Flail             |   119 |    82 ||   201
       Kick              |       |    17 ||    17
 Fire: Hunting sling     |    20 |    21 ||    41
  Use: Scroll            |     3 |     1 ||     4
       Potion            |       |     1 ||     1
  Eat: Chunk             |     3 |     5 ||     8
Armor: Leather armour    |     9 |       ||     9
       Ring mail         |    39 |    20 ||    59
Dodge: Dodged            |    71 |    54 ||   125

Table legend:
 A = Non-vault XP
 B = Vault XP
 C = Vault XP percentage of total XP
 D = Non-vault monster count
 E = Vault monster count
 F = Vault count percentage of total count
                 A         B        C        D         E       F
            +---------+---------+-------+---------+---------+-------
      Total |     366 |       3 |   0.8 |      55 |       2 |   3.5
            +---------+---------+-------+---------+---------+-------
        D:1 |      16 |       0 |   0.0 |       9 |       0 |   0.0
        D:2 |      64 |       2 |   3.0 |      23 |       1 |   4.2
        D:3 |      62 |       1 |   1.6 |      15 |       1 |   6.2
        D:4 |     224 |       0 |   0.0 |       8 |       0 |   0.0
            +---------+---------+-------+---------+---------+-------
